Map: [ESL] Gresvan

Players

Wayne - Winner!

  • Race: Zerg Zerg
  • Spawn Location: 11:00

AqueroN

  • Race: Terran Terran
  • Spawn Location: 5:00

Event: ESL SC2 Masters 2023 Summer (Regionals)

VOD

Have the link to the VOD?

Description

Time

  • Played on: May 14, 2023, 11:50 a.m.
  • Length: 12:00

All games in this series

Show
View Real Time Build Order
Export as new Build Order

Wayne Zerg - Winner!

Build Orders: Pool First, Lurkers 

Get SALT Encoding   

  12  0:00  Drone  
  13  0:12  Overlord  
  13  0:16  Drone  
  14  0:30  Drone x2  
  14  0:34  Drone  
  17  0:44  Spawning Pool  
  17  0:47  Drone  
  17  1:07  Hatchery  
  17  1:10  Drone  
  17  1:11  Extractor  
  16  1:31  Queen, Zergling x6  
  21  1:43  Overlord  
  21  1:54  Drone  
  22  2:04  Drone  
  22  2:07  Queen  
  25  2:12  Metabolic Boost  
  25  2:15  Drone  
  26  2:24  Queen  
  26  2:27  Drone  
  26  2:28  Drone  
  30  2:32  Drone  
  31  2:39  Drone x3  
  34  2:55  Hatchery  
  33  3:01  Overlord  
  33  3:03  Drone  
  34  3:06  Drone  
  35  3:16  Drone  
  36  3:20  Drone x2  
  36  3:21  Drone x4  
  36  3:22  Drone  
  43  3:31  Overlord  
  43  3:32  Drone  
  43  3:49  Queen  
  43  3:51  Zergling x4  
  43  3:52  Drone x4  
  51  3:56  Overlord  
  51  4:00  Overlord  
  51  4:04  Overlord  
  51  4:08  Queen  
  51  4:09  Drone x4  
  57  4:16  Drone  
  58  4:22  Drone x6  
  64  4:25  Queen  
  64  4:29  Lair  
  64  4:30  Zergling x4  
  68  4:37  Baneling Nest  
  68  4:38  Extractor  
  66  4:39  Zergling x6  
  66  4:42  Overlord  
  68  4:47  Queen  
  68  4:50  Spore Crawler  
  68  4:51  Drone, Spore Crawler x2  
  68  4:54  Drone  
  68  4:55  Drone x2  
  71  5:01  Drone x4  
  75  5:10  Drone x2  
  77  5:16  Extractor, Hatchery, Drone  
  77  5:17  Drone  
  77  5:19  Overlord  
  77  5:20  Drone  
  77  5:21  Drone  
  79  5:24  Zergling x6  
  79  5:28  Overseer  
  82  5:33  Drone x2  
  85  5:35  Drone x2  
  85  5:36  Drone  
  85  5:37  Spore Crawler  
  85  5:40  Drone x3  
  85  5:41  Centrifugal Hooks  
  89  5:44  Extractor, Drone x2  
  89  5:45  Extractor  
  89  5:47  Evolution Chamber  
  89  5:49  Evolution Chamber  
  87  5:56  Zergling x12  
  91  6:00  Zergling x8  
  96  6:11  Drone x2  
  96  6:15  Overlord  
  96  6:18  Overlord x3, Zerg Ground Armor Level 1, Zerg Melee Weapons Level 1  
  98  6:20  Hatchery  
  93  6:28  Overlord  
  93  6:30  Overlord  
  93  6:36  Overlord  
  93  6:38  Drone  
  94  6:41  Overlord, Hydralisk Den  
  94  6:44  Zergling x20  
  104  6:54  Drone x3  
  104  6:55  Baneling  
  104  6:56  Baneling x6  
  104  6:57  Drone  
  107  7:01  Drone x2  
  107  7:07  Hatchery  
  108  7:10  Muscular Augments  
  108  7:12  Drone x5  
  113  7:20  Zergling x4  
  115  7:26  Zergling x10  
  115  7:29  Baneling x4  
  118  7:37  Hydralisk x7  
  131  7:49  Zergling x8, Infestation Pit  
  131  7:50  Extractor  
  133  7:51  Baneling x10  
  133  7:56  Overlord  
  133  7:57  Zergling x8  
  133  7:58  Zergling x4  
  138  8:07  Zergling x8  
  138  8:12  Hydralisk x2  
  144  8:18  Overlord  
  144  8:20  Hydralisk x9  
  144  8:21  Grooved Spines  
  144  8:23  Zergling x8  
  166  8:28  Drone  
  166  8:29  Drone x4  
  171  8:36  Overlord  
  171  8:39  Zergling x8  
  170  8:44  Zergling x2  
  167  8:50  Zergling x18  
  176  9:00  Overlord  
  176  9:04  Zergling x2  
  176  9:05  Zergling x14  
  176  9:06  Hive  
  184  9:12  Overlord  
  184  9:13  Drone x2  
  185  9:25  Extractor, Drone x3, Lurker Den  
  185  9:26  Drone  
  185  9:27  Extractor, Drone x2  
  185  9:28  Baneling x11  
  185  9:29  Baneling  
  186  9:32  Zergling x26  
  186  9:42  Zergling x8  
  189  9:45  Zergling x8  
  189  9:50  Zergling x2  
  189  9:51  Zergling x10  
  189  9:52  Zergling x6  
  184  9:56  Baneling x10  
  184  9:59  Zergling x8  
  186  10:00  Zergling x6  
  167  10:08  Zergling x8  
  167  10:09  Baneling x4  
  167  10:11  Zergling x2  
  167  10:14  Baneling x8  
  167  10:16  Hydralisk x4  
  167  10:18  Zergling x2  
  167  10:19  Zergling x4  
  176  10:22  Zergling x10  
  176  10:26  Overlord  
  174  10:29  Zergling x14  
  174  10:32  Zergling x4  
  174  10:34  Baneling  
  174  10:35  Baneling x10  
  175  10:41  Zergling x6  
  167  10:44  Lurker x9  
  167  10:47  Zergling x6  
  173  10:53  Adaptive Talons  
  173  11:02  Overlord  
  162  11:09  Hatchery  
  162  11:10  Overlord  
  150  11:15  Viper  
  150  11:26  Hydralisk x4  
Show
View Real Time Build Order
Export as new Build Order

AqueroN Terran 

Build Orders: Reaper Expand, Hellion Banshee 

Get SALT Encoding   

  12  0:00  SCV  
  13  0:12  SCV  
  14  0:16  Supply Depot  
  14  0:24  SCV  
  15  0:38  SCV  
  15  0:39  Barracks  
  16  0:43  Refinery  
  16  0:50  SCV  
  17  1:02  SCV  
  18  1:14  SCV  
  19  1:26  Reaper  
  19  1:27  Orbital Command  
  20  1:40  Command Center  
  20  1:50  Supply Depot  
  20  1:52  SCV  
  21  1:58  Marine  
  22  2:04  SCV  
  23  2:09  Factory  
  23  2:17  SCV  
  23  2:21  Barracks Reactor  
  24  2:29  SCV  
  25  2:40  Command Center  
  25  2:41  SCV  
  26  2:53  Orbital Command  
  26  2:58  Starport  
  26  3:01  SCV  
  26  3:05  Hellion  
  29  3:10  Hellion  
  31  3:16  SCV  
  31  3:17  Refinery  
  32  3:20  SCV  
  32  3:23  Barracks Tech Lab  
  33  3:27  Hellion  
  33  3:30  SCV  
  33  3:32  Hellion  
  38  3:40  SCV  
  39  3:42  SCV  
  40  3:49  Hellion, Banshee  
  40  3:52  SCV  
  40  3:54  Orbital Command  
  46  3:56  SCV  
  46  3:58  Hellion  
  49  4:05  SCV  
  49  4:08  SCV, Supply Depot  
  53  4:17  Hellion  
  53  4:18  SCV  
  53  4:20  Hellion, SCV  
  53  4:21  SCV  
  58  4:25  Barracks Tech Lab  
  58  4:29  Supply Depot  
  58  4:30  SCV  
  59  4:32  Banshee  
  59  4:34  SCV x2  
  64  4:42  SCV  
  64  4:48  Stimpack  
  64  4:50  SCV x2  
  64  4:51  Barracks x2  
  66  4:53  Factory Reactor  
  66  4:54  Marine  
  66  4:56  SCV  
  66  4:58  Refinery  
  68  5:01  Supply Depot  
  68  5:06  Engineering Bay  
  68  5:07  Engineering Bay, SCV x2  
  68  5:08  SCV  
  68  5:12  Marine  
  72  5:18  Supply Depot  
  72  5:19  Supply Depot  
  72  5:22  SCV x2  
  72  5:23  SCV  
  72  5:26  Starport Reactor  
  75  5:29  Refinery  
  75  5:30  Marine  
  75  5:33  Terran Infantry Weapons Level 1, Terran Infantry Armor Level 1  
  77  5:35  SCV x2  
  77  5:37  Orbital Command  
  78  5:42  Marine  
  78  5:43  Marine  
  78  5:47  Barracks  
  78  5:49  Barracks  
  80  5:54  Marine x2  
  82  6:00  Marine x2  
  82  6:01  Marine  
  82  6:02  SCV x2  
  82  6:03  Siege Tank  
  90  6:06  Medivac x2  
  95  6:12  Marine x2  
  95  6:13  Supply Depot  
  95  6:14  Supply Depot  
  95  6:18  Marine x3  
  99  6:26  SCV x2  
  99  6:30  Orbital Command, Supply Depot  
  101  6:34  Marine x2  
  101  6:36  Marine x3  
  106  6:40  Supply Depot x2  
  106  6:50  Siege Tank  
  106  6:51  Barracks Reactor  
  106  6:52  Marine x2, Barracks Reactor  
  106  6:54  Marine x3  
  108  6:57  SCV x2  
  108  6:58  SCV  
  114  7:07  Medivac x2  
  118  7:10  Marine x2  
  118  7:11  Marine  
  118  7:12  SCV  
  118  7:14  Armory  
  122  7:19  SCV x2  
  122  7:22  Siege Tank, Supply Depot  
  127  7:24  Marine  
  128  7:34  Marine x2  
  128  7:35  Barracks, Marine x5  
  128  7:36  Barracks  
  135  7:37  Medivac  
  135  7:39  Barracks, Medivac  
  139  7:45  Supply Depot  
  139  7:52  Combat Shield  
  139  7:54  Supply Depot  
  139  7:56  Siege Tank  
  142  8:02  Terran Infantry Armor Level 2  
  142  8:03  Marine x7  
  149  8:06  Marine x2  
  149  8:07  Supply Depot x2  
  149  8:08  Supply Depot  
  151  8:17  Terran Infantry Weapons Level 2  
  151  8:20  Marine, Medivac  
  151  8:21  Marine x6  
  151  8:25  Marine x4  
  151  8:26  Marine  
  165  8:29  Supply Depot  
  165  8:33  Supply Depot  
  165  8:38  Marine x2, Siege Tank  
  164  8:45  Marine x4  
  164  8:46  Marine x5  
  164  8:47  Marine  
  169  8:50  Medivac x2  
  173  8:56  Marine x2  
  175  9:03  Marine x5  
  175  9:04  Marine x5  
  182  9:14  Marine x2  
  184  9:21  Marine x5, Sensor Tower  
  184  9:22  Marine x5  
  192  9:32  Marine x2  
  189  9:38  Marine  
  189  9:39  Marine x5  
  189  9:40  Siege Tank  
  189  9:45  Marine  
  199  9:49  Marine  
  199  9:52  Marine x4  
  190  9:58  Marine x4  
  179  10:03  Marine  
  156  10:08  Marine x3  
  156  10:10  Marine x4  
  146  10:15  Marine  
  146  10:17  Liberator x2, Siege Tank  
  146  10:21  Marine x3  
  128  10:33  Marine x3  
  128  10:34  Marine  
  115  10:40  Marine  
  110  10:48  Marine x2  
  104  10:53  Marine  
  105  10:58  Marine  
  103  11:09  Marine  
  103  11:10  Marine  
  103  11:15  Marine  
Tags
 
Add a new tag
Caveats
  • Supply blocks, unpowered buildings, or Contaminate may cause inaccurate times.
  • Supply counts are checked every 10 seconds.